 Dungeon Crawl Stone Soup version 0.31-a0-472-g43a2ca8e1b (webtiles) character file.

Game seed: 16296291076847619452

6025 Ethylacetat the Mimic (level 10, -10/71 HPs)
             Began as an Octopode Shapeshifter on Aug 6, 2023.
             Mangled by a yak (14 damage)
             ... on level 9 of the Dungeon.
             The game lasted 00:12:17 (8145 turns).

Ethylacetat the Mimic (Octopode Shapeshifter)       Turns: 8145, Time: 00:12:17

Health: -10/71     AC:  1    Str: 14    XL:     10   Next: 86%
Magic:  10/10      EV: 18    Int: 11    God:
Gold:   83         SH:  0    Dex: 17    Spells: 9/9 levels left

rFire   . . .        e - +5 Lochaber axe {reach-cleave, Poleaxe Drain}
rCold   . . .        (shield currently unavailable)
rNeg    . . .        (helmet currently unavailable)
rPois   .            (no amulet)
rElec   .            i - +5 ring of evasion
rCorr   .            (no ring)
SInv    .            (no ring)
Will    .....        (no ring)
Stlth   +++          (no ring)
HPRegen 0.31/turn    (no ring)
MPRegen 0.12/turn    (no ring)
                     (no ring)

%: no passive effects
@: beast-form, studying Hexes
A: beast (slay +6), almost no armour, amphibious, 8 rings, camouflage 1,
gelatinous body 1, (nimble swimmer 1), tentacles
a: Begin Untransformation


You were on level 9 of the Dungeon.
You were a hulking beast.
You visited 2 branches of the dungeon, and saw 10 of its levels.

You collected 507 gold pieces.
You spent 424 gold pieces at shops.

Inventory:

Hand Weapons
 e - the +5 Lochaber axe (weapon) {reach-cleave, Poleaxe Drain}
   (You bought it in a shop on level 5 of the Dungeon)

   Poleaxe:   It uses either Axes or Polearms skill, whichever is higher.
   Drain:     It drains your maximum health when unequipped.
 v - a +0 broad axe of freezing
 B - a +3 dire flail of protection
Armour
 w - a +0 hat of willpower
 x - an orb of light
Jewellery
 i - a +5 ring of evasion (left tentacle)
Talismans
 b - a beast talisman (active)
Wands
 n - a wand of acid (7)
 o - a wand of mindburst (5)
 p - a wand of polymorph (6)
 t - a wand of paralysis (25)
 C - a wand of flame (22)
Scrolls
 a - a scroll of immolation {unknown}
 d - 6 scrolls of identify {unknown}
 f - 2 scrolls of enchant weapon {unknown}
 h - a scroll of enchant armour {unknown}
 j - a scroll of amnesia {unknown}
 k - 3 scrolls of vulnerability {unknown}
 m - 3 scrolls of fog {unknown}
 q - a scroll of silence {unknown}
 s - 5 scrolls of teleportation {unknown}
 y - a scroll of noise {unknown}
 A - a scroll of acquirement {unknown}
Potions
 c - 4 potions of curing
 g - 2 potions of heal wounds
 l - a potion of ambrosia
 r - 2 potions of magic
 u - a potion of might
 z - a potion of haste {unknown}


   Skills:
 + Level 7.4 Fighting
 * Level 8.7 Axes
 - Level 2.0 Dodging
 - Level 4.9 Unarmed Combat
 * Level 9.4 Shapeshifting


You had 9 spell levels left.
You didn't know any spells.
Your spell library contained the following spells:

 Spells                   Type           Power      Damage    Failure   Level
 Searing Ray              Conj           0%         2d4       47%         2
 Vhi's Electric Charge    Tloc/Air       0%         N/A       71%         3
 Arcjolt                  Conj/Air       0%         1d10      100%        5
 Metabolic Englaciation   Hex/Ice        0%         N/A       100%        5
 Maxwell's Capacitive Co  Air            0%         ∞         100%        8


Dungeon Overview and Level Annotations

Branches:
Dungeon (9/15)             Temple (1/1) D:7
   Lair: D:8-11         Orc: D:9-12

Altars:
Ashenzari
Dithmenos
Elyvilon
Fedhas
Gozag
Hepliaklqana
Kikubaaqudgha
Makhleb
Nemelex Xobeh
Okawaru
Ru
Sif Muna
Trog
Uskayaw
Vehumet
Wu Jian
Xom
Yredelemnul
Zin
The Shining One

Shops:
D:4 (   D:5 (


Innate Abilities, Weirdness & Mutations

You are a hulking beast.
Your limbs bulge with bestial killing power. (Slay +6)
You cannot wear most types of armour.
You are amphibious.
You can wear up to eight rings at the same time.
Your skin changes colour to match your surroundings (Stealth+).
Your rubbery body absorbs attacks. (AC +1, EV +1)
((You are camouflaged when in or above water. (Stealth+)))
You have tentacles for arms and can constrict up to eight enemies at once.


Message History

You slash the yak! Your squeeze misses the yak.
The yak is moderately wounded.
The yak gores you!! The yak misses you.
You slice the yak!!
You kill the yak!
You slash the yak! You barely miss the yak. You slash the yak! You hit the orc.
You slash the yak! The orc misses you.
You hit the yak.
The yak is moderately wounded.
You barely miss the yak. You slash the orc!
You kill the orc!
You closely miss the yak. You slash the yak! The yak gores you!
The yak gores you. The yak closely misses you. The yak gores you.
The yak barely misses you.
You are too injured to fight recklessly!
Reach: e) +5 Lochaber axe {reach-cleave, Poleaxe Drain}
Press: ? - help, Dir - move target, f - yak
Aim: a yak (moderately wounded, about 23% to evade the +5 Lochaber axe)
You slash the yak! Your squeeze misses the yak.
The yak is severely wounded.
You slash the yak!
You slice the yak!! x2; The yak misses you.
The yak gores you!
* * * LOW HITPOINT WARNING * * *
The yak closely misses you. The yak barely misses you.
Reach: e) +5 Lochaber axe {reach-cleave, Poleaxe Drain}
Press: ? - help, Dir - move target, f/p - yak
Aim: a yak (severely wounded, about 22% to evade the +5 Lochaber axe)
You slash the yak!
The yak is almost dead.
You slash the yak!
You kill the yak!
You slice the yak!!
You kill the yak!
You slash the yak! The yak gores you.
* * * LOW HITPOINT WARNING * * *
The yak gores you!
* * * LOW HITPOINT WARNING * * *
The yak barely misses you. The yak gores you!
You die...

#####
##...)########
......†Y...!.###
......Yh$)†....#
##.......).#+#.#
#....##...#
#.### .. #....
#...#
#...###....
....$ ##..#
#..........
..... ..##
##......... ....
#..# #.........
.... #..#
#.........
#.........


You could see 2 yaks.

Vanquished Creatures
  2 two-headed ogres
  Pikel (D:5)
  The ghost of blacky4 the Magician, a novice DjCj (D:6)
  Maggie (D:8)
  A hornet (D:8)
  Prince Ribbit (D:6)
  Sigmund (D:7)
  A vampire (D:6)
  4 yaks (D:9)
  2 wyverns
  A steam dragon (D:7)
  Edmund (D:5)
  2 water moccasins
  An orc warrior (D:7)
  Duvessa (D:5)
  An ice beast (D:6)
  3 black bears
  2 ogres
  2 centaurs
  A phantom (D:6)
  Blork the orc (D:6)
  A bullfrog (D:7)
  A gnoll sergeant (D:7)
  A scorpion (D:4)
  3 wights (D:7)
  Dowan (D:5)
  4 killer bees (D:8)
  2 howler monkeys (D:8)
  2 vampire bats (D:3)
  2 orc priests
  4 hounds
  An iguana (D:7)
  4 jellies
  A sleepcap (D:5)
  9 orc wizards
  7 gnolls
  4 adders
  A white imp (D:8)
  An ufetubus (D:6)
  3 worms
  3 dart slugs
  17 orcs
  14 endoplasms
  4 giant cockroaches
  5 goblins
  11 hobgoblins
  6 jackals
  4 quokkas
  10 ball pythons
  21 bats
  5 frilled lizards
  9 kobolds
  3 rats
195 creatures vanquished.

Vanquished Creatures (others)
  An adder (D:6)
  A white imp (D:6)
2 creatures vanquished.

Grand Total: 197 creatures vanquished

Notes
Turn   | Place    | Note
-------+----------+-------------------------------------------
     0 | D:1      | Ethylacetat the Octopode Shapeshifter began the quest for
                  | the Orb.
     0 | D:1      | Reached XP level 1. HP: 13/13 MP: 1/1
   126 | D:1      | Reached XP level 2. HP: 7/18 MP: 2/2
   538 | D:1      | Reached XP level 3. HP: 23/23 MP: 3/3
  1477 | D:2      | Reached XP level 4. HP: 29/29 MP: 4/4
  1854 | D:2      | Found a faded altar of an unknown god.
  1917 | D:3      | Reached skill level 4 in Shapeshifting
  1920 | D:3      | Reached XP level 5. HP: 29/35 MP: 5/5
  2421 | D:3      | Reached XP level 6. HP: 41/41 MP: 6/6
  2825 | D:4      | Found an ornate altar of the Wu Jian Council.
  2838 | D:4      | Found a radiant altar of Vehumet.
  2923 | D:4      | Found Judid's Weapon Shoppe.
  3302 | D:4      | Found a sparkling altar of Nemelex Xobeh.
  3322 | D:4      | Reached skill level 5 in Shapeshifting
  3396 | D:5      | Entered Level 5 of the Dungeon
  3439 | D:5      | Found Tuos's Weapon Emporium.
  3493 | D:5      | Reached XP level 7. HP: 25/46 MP: 7/7
  3594 | D:5      | You fall into a shaft and drop 2 floors!
  3724 | D:7      | Reached skill level 1 in Axes
  3865 | D:6      | Noticed Blork the orc
  3875 | D:6      | Reached XP level 8. HP: 48/54 MP: 8/8
  3887 | D:6      | Killed Blork the orc
  3888 | D:6      | Reached skill level 6 in Shapeshifting
  4143 | D:6      | Noticed a two-headed ogre
  4174 | D:6      | Noticed blacky4's ghost (novice DjCj)
  4187 | D:6      | Found a runed translucent gate.
  4187 | D:6      | Found a runed translucent gate.
  4187 | D:6      | Found a runed translucent gate.
  4208 | D:5      | Noticed Pikel
  4208 | D:5      | Noticed Edmund
  4270 | D:6      | Found a shadowy altar of Dithmenos.
  4277 | D:6      | Noticed Prince Ribbit
  4285 | D:6      | Killed Prince Ribbit
  4450 | D:6      | Identified the +1 pair of gloves of Untold Secrets {Dex+4}
  4586 | D:6      | Noticed a vampire
  4590 | D:6      | Killed a vampire
  4591 | D:6      | Reached skill level 5 in Fighting
  4625 | D:6      | Found an ancient bone altar of Kikubaaqudgha.
  4840 | D:6      | Reached skill level 7 in Shapeshifting
  4840 | D:6      | Reached XP level 9. HP: 61/61 MP: 9/9
  5148 | D:5      | Killed Pikel
  5149 | D:5      | Reached skill level 5 in Axes
  5152 | D:5      | Killed Edmund
  5303 | D:5      | Noticed Duvessa
  5303 | D:5      | Noticed Dowan
  5307 | D:5      | Killed Dowan
  5312 | D:5      | Killed Duvessa
  5829 | D:6      | Killed a two-headed ogre
  5831 | D:6      | Killed blacky4's ghost
  5832 | D:6      | Reached skill level 8 in Shapeshifting
  6052 | D:5      | Bought the +5 Lochaber axe {reach-cleave, Poleaxe Drain}
                  | for 424 gold pieces
  6052 | D:5      | Found the +5 Lochaber axe {reach-cleave, Poleaxe Drain}
  6172 | D:7      | Reached XP level 10. HP: 34/69 MP: 10/10
  6512 | D:7      | Found a staircase to the Ecumenical Temple.
  6540 | Temple   | Entered the Ecumenical Temple
  6660 | D:7      | Got the Quarto of Glaciation and Combat Magic
  6690 | D:7      | Noticed Sigmund
  6693 | D:7      | Killed Sigmund
  6820 | D:8      | Found a burning altar of Makhleb.
  7178 | D:8      | Found a white marble altar of Elyvilon.
  7328 | D:8      | Noticed Maggie
  7337 | D:8      | Killed Maggie
  7509 | D:8      | Reached skill level 9 in Shapeshifting
  7713 | D:8      | Found a shimmering altar of Xom.
  7716 | D:8      | Found a hide-covered altar of Uskayaw.
  7731 | D:8      | Found a glowing silver altar of Zin.
  7741 | D:8      | Found a basalt altar of Yredelemnul.
  7815 | D:8      | Found a hazy altar of Hepliaklqana.
  7927 | D:8      | Noticed a two-headed ogre
  7939 | D:8      | Killed a two-headed ogre
  8145 | D:9      | Mangled by a yak

Illustrated notes

Levels and vault maps discovered:
D:1:      saegor_arrival_simple_a, layout_loops_corners, minmay_quantized
D:2:      minmay_skewed_foursquare, layout_loops_corners,
          shapermc_ecumenical_altar_acropolis
D:3:      layout_loops_ring, roderic_batcave, chequers_serial_rivers_marsh
D:4:      minmay_general_purpose_star, layout_gridville, lemuel_doored_altar,
          mainiacjoe_overflow_big_doors, serial_shops,
          nicolae_shop_tiny_real_fake_doors, amethyst_killhole
D:5:      layout_gridville, serial_shops, nicolae_shop_bloodbath_and_beyond,
          minivault_24, amcnicky_mini_rare_corridor_liquid, uniq_duvessa,
          uniq_pikel, uniq_edmund
D:6:      layout_gridville, nicolae_dithmenos_through_a_glass_darkly,
          mainiacjoe_overflow_alcove_4, gammafunk_ghost_split,
          uniq_prince_ribbit1, uniq_blork_the_orc
D:7:      layout_loops_ring, minmay_temple_entry_proselytizer, sigmund_army
D:8:      layout_basic, nicolae_elyvilon_peaceful_grove,
          mainiacjoe_overflow_tiny_flanked, nicolae_hepliaklqana_hippocampus,
          nicolae_overflow_macrodata_refinement, minmay_misc_feat_iff,
          uniq_maggie
D:9:      layout_gridville, mainiacjoe_overflow_surrounded_room,
          nicolae_take_the_stairs, uniq_gastronok
Temple:   hellmonk_temple_two_chambers

Skill      XL: |  1  2  3  4  5  6  7  8  9 10 |
---------------+-------------------------------+-----
Fighting       | 2 3 4 5 6 7 |  7.4
Shapeshifting  | 4 5 7 8 9 |  9.4
Unarmed Combat | 4 |  4.9
Axes           | 1 4 7 8 |  8.7
Dodging        | |  2.0

Action                     |  1- 3 |  4- 6 |  7- 9 | 10-12 || total
---------------------------+-------+-------+-------+-------++-------
  Melee: Unarmed           |    78 |   128 |   101 |       ||   307
         Constrict         |    22 |    31 |    21 |    10 ||    84
         Tentacles         |    12 |    30 |    29 |     6 ||    77
         Punch             |       |     6 |     8 |     3 ||    17
         Dire flail        |       |       |    15 |       ||    15
         Lochaber axe      |       |       |     6 |    65 ||    71
  Evoke: Wand              |       |       |       |     4 ||     4
    Use: Potion            |       |       |    12 |       ||    12
   Stab: Sleeping          |    14 |    10 |     3 |     3 ||    30
         Distracted        |       |     1 |       |     1 ||     2
 Armour: Skin              |     5 |     4 |    19 |       ||    28
  Dodge: Dodged            |    40 |    88 |    77 |    56 ||   261

Table legend: (Time is in decaauts)
 A = Elapsed time spent in this place.
 B = Non-inter-level travel time spent in this place.
 C = Inter-level travel time spent in this place.
 D = Time resting spent in this place.
 E = Time spent auto-exploring this place.
 F = Levels seen in this place.
 G = Mean time per level.
                   A        B        C        D        E       F      G
               +--------+--------+--------+--------+--------+-----+--------+
         Total |   8184 |   7833 |    351 |    314 |   6355 |  10 |  818.4 |
       Dungeon |   8166 |   7823 |    343 |    314 |   6355 |   9 |  907.3 |
        Temple |     17 |      9 |      8 |      0 |      0 |   1 |   17.0 |
               +--------+--------+--------+--------+--------+-----+--------+

Top non-repeatable levels by time:
     D:6: 1647 daAuts
     D:8: 1326 daAuts
     D:1: 993 daAuts
     D:7: 934 daAuts
     D:2: 908 daAuts
     D:5: 844 daAuts
     D:3: 747 daAuts
     D:4: 735 daAuts
     D:9: 28 daAuts
  Temple: 17 daAuts
